 Dungeon Crawl Stone Soup version 0.30-a0-272-gf98c3da03f (webtiles) character file.

Game seed: 16239809793308273344

34 koil the Sneak (level 3, 0/17 HPs)
             Began as a Spriggan Enchanter on Oct 15, 2022.
             Slain by an orc wizard
             ... wielding a +0 dagger
              (1 damage)
             ... on level 2 of the Dungeon.
             The game lasted 00:03:05 (1147 turns).

koil the Sneak (Spriggan Enchanter)                 Turns: 1147, Time: 00:03:06

Health: 0/17       AC:  2    Str:  4    XL:     3   Next: 14%
Magic:  4/8        EV: 18    Int: 16    God:
Gold:   46         SH:  0    Dex: 17    Spells: 6/8 levels left

rFire   . . .      SeeInvis +    a - +1 dagger
rCold   . . .      Faith    .    (no shield)
rNeg    . . .      Spirit   .    b - +0 robe
rPois   .          Reflect  .    (helmet restricted)
rElec   .          Harm     .    (no cloak)
rCorr   .          Rampage  .    (gloves unavailable)
Will    .....                    (boots unavailable)
Stlth   +++.......               (no amulet)
HPRegen 0.22/turn                (no ring)
MPRegen 0.11/turn                (no ring)

@: very slightly contaminated, very quick
A: very small, no large weapons, unfitting armour, see invisible, speed 3
a: no special abilities


You were on level 2 of the Dungeon.
You visited 1 branch of the dungeon, and saw 2 of its levels.

You collected 46 gold pieces.

Inventory:

Hand Weapons
 a - a +1 dagger (weapon)
Armour
 b - a +0 robe (worn)
Jewellery
 l - a ring of poison resistance
Scrolls
 d - a scroll of magic mapping {unknown}
 e - a scroll of poison {unknown}
 f - a scroll of teleportation {unknown}
 h - a scroll of identify {unknown}
 i - a scroll of summoning {unknown}
 j - a scroll of fog {unknown}
 k - a scroll of vulnerability {unknown}
Potions
 c - 3 potions of invisibility
 g - a potion of brilliance {unknown}


   Skills:
 + Level 0.8 Fighting
 + Level 1.7 Short Blades
 + Level 3.2 Dodging
 + Level 4.8 Stealth
 + Level 3.0 Spellcasting
 + Level 3.9 Hexes


You had 6 spell levels left.
You knew the following spells:

 Your Spells              Type           Power      Damage    Failure   Level
a - Ensorcelled Hibernat  Hex/Ice        16%        N/A       13%         2

Your spell library contained the following spells:

 Spells                   Type           Power      Damage    Failure   Level
 Confusing Touch          Hex            14%        N/A       11%         3
 Tukima's Dance           Hex            14%        N/A       11%         3
 Dazzling Flash           Conj/Hex       16%        N/A       26%         3


Dungeon Overview and Level Annotations

Branches:
Dungeon (2/15)

Altars:


Innate Abilities, Weirdness & Mutations

You are very small and have problems with some larger weapons.
You are too small for most types of armour.
You have supernaturally acute eyesight. (SInv)
You cover ground extremely quickly. (Speed+++)


Message History

The orc closely misses you.
You hit the orc.
The orc is heavily wounded.
The orc barely misses you.
You hit the orc but do no damage.
The orc is heavily wounded.
You barely miss the orc wizard. You closely miss the orc wizard.
You closely miss the orc wizard.
The orc wizard points at you and mumbles some strange words.
You resist with some effort.
You hit the orc wizard.
The orc wizard is lightly wounded.
The orc wizard points at you and mumbles some strange words.
The puff of flame hits you!
Ouch! That really hurt!
* * * LOW HITPOINT WARNING * * *
You barely miss the orc wizard.
The orc wizard is lightly wounded.
The orc wizard misses you.
Casting: Ensorcelled Hibernation (safe; 13% risk of failure)
Confirm with . or Enter, or press ? or * to list all spells.
Aiming: Ensorcelled Hibernation (safe; 13% risk of failure)
Press: ? - help, Shift-Dir - straight line, f - orc wizard
Aim: an orc wizard, wielding a +0 dagger and wearing a +0 robe (lightly wounded, chance to affect: 41%)
You miscast Ensorcelled Hibernation.
You are very lightly contaminated with residual magic.
Nothing appears to happen.
The orc wizard casts a spell.
The orc wizard flickers and vanishes for a moment.
The orc wizard hits you with a +0 dagger.
* * * LOW HITPOINT WARNING * * *
Casting: Ensorcelled Hibernation (safe; 13% risk of failure)
Confirm with . or Enter, or press ? or * to list all spells.
Aiming: Ensorcelled Hibernation (safe; 13% risk of failure)
Press: ? - help, Shift-Dir - straight line, f/p - orc wizard
Aim: an orc wizard, wielding a +0 dagger and wearing a +0 robe (lightly wounded, chance to affect: 41%)
The orc wizard resists with some effort.
The orc wizard hits you with a +0 dagger.
You die...

########......####
#...†..........
#.###.#....##.##
#...<........ #
#..#....##.##
#.##..#..#?##.
#........o.o... .##
####.#####.....
.....###.oo@.#
..o...
.........###.#
..... .....###.#
#.# ...o.
###...#######.###.#
... #....
............# #.#
..#.#####.#.### #.#
.#.#####.#.# #.#
.....##.#.# ..##
#.##.##.#.#


You could see 2 orc wizards.

Vanquished Creatures
  A gnoll (D:1)
  A ball python (D:1)
  3 endoplasms (D:1)
  2 giant cockroaches
  2 goblins (D:1)
  A hobgoblin (D:2)
  A kobold (D:1)
  6 bats
  2 frilled lizards
  4 rats (D:1)
23 creatures vanquished.

Notes
Turn   | Place    | Note
-------+----------+-------------------------------------------
     0 | D:1      | koil the Spriggan Enchanter began the quest for the Orb.
     0 | D:1      | Reached XP level 1. HP: 9/9 MP: 5/5
   310 | D:1      | Reached XP level 2. HP: 14/14 MP: 6/6
   313 | D:1      | Learned a level 2 spell: Ensorcelled Hibernation
   884 | D:1      | Reached XP level 3. HP: 6/17 MP: 2/8
  1147 | D:2      | Slain by an orc wizard

Illustrated notes

Levels and vault maps discovered:
D:1:      sevenhm_arrival_forest_fort_small_3, layout_basic,
          serial_park_tiny_pond, nicolae_concentric_dashed_squares_mild,
          nrook_uturn
D:2:      layout_loops_cross

Skill      XL: |  1  2 |
---------------+-------+-----
Dodging        | 3 |  3.2
Spellcasting   | 3 |  3.0
Fighting       | |  0.8
Short Blades   | |  1.7
Stealth        | |  4.8
Hexes          | |  3.9

Action                   || total
-------------------------++-------
Melee: Dagger            ||    68
 Cast: Ensorcelled Hiber ||     3
 Stab: Sleeping          ||     9
Armor: Robe              ||     2
Dodge: Dodged            ||    39

Table legend: (Time is in decaauts)
 A = Elapsed time spent in this place.
 B = Non-inter-level travel time spent in this place.
 C = Inter-level travel time spent in this place.
 D = Time resting spent in this place.
 E = Time spent auto-exploring this place.
 F = Levels seen in this place.
 G = Mean time per level.
                   A        B        C        D        E       F      G
               +--------+--------+--------+--------+--------+-----+--------+
         Total |    770 |    758 |     12 |     21 |    587 |   2 |  385.0 |
       Dungeon |    770 |    758 |     12 |     21 |    587 |   2 |  385.0 |
               +--------+--------+--------+--------+--------+-----+--------+

Top non-repeatable levels by time:
     D:1: 698 daAuts
     D:2: 72 daAuts
